Map: Muro dorado EE

Players

Abanamore - Winner!

  • Race: Zerg Zerg
  • Spawn Location: 7:00

MrFercho

  • Race: Zerg Zerg
  • Spawn Location: 5:00

VOD

Have the link to the VOD?

Description

Time

  • Played on: May 3, 2020, 9:42 p.m.
  • Length: 7:55
Show
View Real Time Build Order
Export as new Build Order

Abanamore Zerg - Winner!

Build Orders: Hatch First 

Get SALT Encoding   

  12  0:02  Drone  
  13  0:13  Overlord  
  13  0:19  Drone  
  14  0:24  Extractor  
  14  0:25  Drone  
  14  0:31  Drone  
  15  0:37  Drone  
  16  0:45  Drone  
  17  0:56  Drone  
  18  1:07  Hatchery  
  18  1:09  Drone  
  18  1:18  Drone  
  19  1:29  Drone  
  20  1:39  Spawning Pool  
  19  1:40  Overlord  
  19  1:50  Drone  
  20  1:57  Evolution Chamber  
  20  1:59  Extractor  
  18  2:01  Drone  
  18  2:07  Pneumatized Carapace  
  19  2:12  Drone  
  20  2:20  Drone  
  21  2:31  Roach Warren  
  21  2:33  Drone  
  21  2:36  Drone  
  22  2:47  Overlord  
  22  2:49  Queen  
  22  2:50  Overlord  
  24  2:57  Drone x2  
  26  2:58  Drone  
  27  3:10  Queen  
  31  3:13  Roach  
  31  3:17  Roach  
  33  3:28  Roach  
  33  3:29  Roach x2  
  39  3:39  Lair  
  39  3:42  Drone x3  
  42  3:57  Zerg Missile Weapons Level 1  
  42  3:59  Roach x2  
  42  4:00  Roach  
  48  4:10  Roach x2  
  52  4:19  Overlord x2  
  52  4:39  Extractor, Drone x3  
  52  4:40  Extractor, Drone  
  52  4:41  Roach  
  52  4:42  Roach x2  
  52  4:43  Ravager x2  
  62  4:59  Overlord, Roach x2  
  66  5:17  Overlord x4  
  66  5:22  Roach  
  68  5:36  Drone x2  
  68  5:37  Drone x2  
  72  5:57  Roach x2  
  78  6:04  Roach x2  
  78  6:05  Hatchery  
  79  6:18  Drone x4  
  83  6:20  Roach x2  
  87  6:30  Ravager x6  
  87  6:31  Ravager x4  
  90  7:01  Overlord  
  90  7:02  Overlord x2  
  90  7:03  Roach x3  
  90  7:04  Roach  
  98  7:14  Drone x2  
  100  7:30  Overlord x3  
Show
View Real Time Build Order
Export as new Build Order

MrFercho Zerg 

Build Orders: Hatch First 

Get SALT Encoding   

  12  0:10  Drone x2  
  14  0:19  Overlord  
  14  0:45  Drone  
  14  0:48  Hatchery  
  14  0:55  Drone x2  
  16  1:10  Drone  
  16  1:11  Drone  
  19  1:18  Drone  
  19  1:26  Spawning Pool  
  19  1:29  Drone  
  19  1:47  Drone  
  20  2:03  Drone x3  
  23  2:13  Queen  
  25  2:21  Roach Warren  
  24  2:26  Hatchery  
  23  2:30  Extractor  
  23  2:34  Drone x3  
  23  2:35  Drone x3  
  28  3:18  Extractor  
  27  3:41  Drone  
  27  3:42  Drone x6  
  34  3:57  Overlord x3  
  34  4:02  Metabolic Boost  
  34  4:20  Pneumatized Carapace  
  34  4:37  Lair  
  34  4:46  Zergling x2  
  34  4:47  Zergling x16  
  43  5:04  Roach x3  
  49  5:19  Hatchery  
  48  5:23  Extractor  
  48  5:24  Extractor  
  46  5:31  Roach x5  
  46  5:32  Roach  
  58  5:37  Overlord x3  
  58  6:14  Glial Reconstitution  
  58  6:19  Drone x4  
  58  6:20  Drone x5  
  40  7:09  Spire  
  40  7:12  Spire  
  38  7:32  Hatchery  
  37  7:39  Drone x3  
Tags
 
Matchup
ZvZ
Race
Zerg
Replay Pack
MrFercho
Spawn Locations
Close Positions
Add a new tag
Caveats
  • Supply blocks, unpowered buildings, or Contaminate may cause inaccurate times.
  • Supply counts are checked every 10 seconds.